 Dungeon Crawl Stone Soup version 0.26-a0-667-g92642533e4 (webtiles) character file.

Game seed: 12990174907758871829

15 Descartes the Chiller (level 2, -4/19 HPs)
             Began as a Barachi Ice Elementalist on Oct 16, 2020.
             Slain by a gnoll
             ... wielding a +0 whip
              (8 damage)
             ... on level 1 of the Dungeon.
             The game lasted 00:03:00 (345 turns).

Descartes the Chiller (Barachi Ice Elementalist)     Turns: 345, Time: 00:03:02

Health: -4/19      AC:  3    Str:  9    XL:     2   Next: 50%
Magic:  1/5        EV: 12    Int: 15    God:
Gold:   21         SH:  0    Dex: 12    Spells: 4/5 levels left

rFire    . . .     SeeInvis .   (no weapon)
rCold    . . .     Faith    .   (no shield)
rNeg     . . .     Spirit   .   h - +0 leather armour
rPois    .         Reflect  .   (no helmet)
rElec    .         Harm     .   (no cloak)
rCorr    .         Rampage  .   (no gloves)
MR       .....                  (no boots)
Stlth    ++........             (no amulet)
HPRegen  0.06/turn              (no ring)
MPRegen  0.09/turn              (no ring)

@: slow
A: +LOS, swims, slowness 1, strong legs 1
a: Hop


You were on level 1 of the Dungeon.
You visited 1 branch of the dungeon, and saw 1 of its levels.

You collected 21 gold pieces.

Inventory:

Missiles
 e - 3 stones (quivered)
Armour
 a - a +0 robe
 h - a +0 leather armour (worn)
Scrolls
 d - a scroll of fear {unknown}
 f - a scroll of immolation {unknown}
Potions
 c - a potion of degeneration {unknown}


   Skills:
 + Level 1.0 Armour
 + Level 2.4 Dodging
 - Level 2.0 Stealth
 + Level 2.4 Spellcasting
 + Level 5.0 Ice Magic


You had 4 spell levels left.
You knew the following spells:

 Your Spells              Type           Power        Failure   Level
a - Freeze                Ice            ###.         3%          1

Your spell library contained the following spells:

 Spells                   Type           Power        Failure   Level
 Frozen Ramparts          Ice            ###...       11%         3
 Ozocubu's Armour         Ice            ###.....     11%         3
 Hailstorm                Conj/Ice       #.......     71%         4
 Summon Ice Beast         Ice/Summ       #.......     71%         4


Dungeon Overview and Level Annotations

Branches:
Dungeon (1/15)

Altars:


Innate Abilities, Weirdness & Mutations

You can be seen from farther away. (+LOS)
You can swim through water.
You cover ground slowly.
You can hop short distances.


Message History

Press: ? - help, Shift-Dir - straight line, f/p - kobold
Aim: a kobold (severely wounded)
You freeze the kobold.
You kill the kobold!
Your Armour skill increases to level 1!
The gnoll hits you with a +0 whip!
Found 24 sling bullets.
The gnoll closely misses you. The gnoll hits you with a +0 whip.
The gnoll hits you with a +0 whip.
* * * LOW HITPOINT WARNING * * *
Casting: Freeze (safe; 3% risk of failure)
Confirm with . or Enter, or press ? or * to list all spells.
Aiming: Freeze (safe; 3% risk of failure)
Press: ? - help, Shift-Dir - straight line, f - gnoll
Aim: a gnoll, wielding a +0 whip You freeze the gnoll.
The gnoll is lightly wounded.
The gnoll hits you with a +0 whip!
You die...

#####.##### #.............
#...# #.....#....... #...#
##....##.##### #..†#
#####.#.##.#
#...####.#.#.#.##.#
#...##.##.#.#.#...#####
######...#....#.#.#.#####...
..)..........#.#<#.#.####†..
...........@..#.#.#.##......
...........g.#.#.#.#........
.###.#...#....#.#.#.##.##...
#........##.#.#.#...##.##
#.#...#.######..#.####.##
...#...#.# #.##.##.....
..#......#.# #.##........ .
.........# #..........#
..........# #######=#..#


You could see a gnoll.

Vanquished Creatures
  A dart slug (D:1)
  A leopard gecko (D:1)
  A goblin (D:1)
  2 hobgoblins (D:1)
  2 bats (D:1)
  2 frilled lizards (D:1)
  3 kobolds (D:1)
12 creatures vanquished.

Notes
Turn   | Place    | Note
-------+----------+-------------------------------------------
     0 | D:1      | Descartes the Barachi Ice Elementalist began the quest for
                  | the Orb.
     0 | D:1      | Reached XP level 1. HP: 13/13 MP: 3/3
   177 | D:1      | Reached XP level 2. HP: 19/19 MP: 1/5
   313 | D:1      | Reached skill level 5 in Ice Magic
   331 | D:1      | Reached skill level 1 in Armour
   345 | D:1      | Slain by a gnoll

Illustrated notes

Levels and vault maps discovered:
D:1:      lightli_arrival_chessboard, layout_loops_cross,
          minmay_misc_feat_four_crosses, minmay_misc_feat_encased,
          hangedman_feature_mirror

Skill      XL: |  1  2 |
---------------+-------+-----
Stealth        | 2 |  2.0
Ice Magic      | 5 |  5.0
Armour         | 1 |  1.0
Dodging        | |  2.4
Spellcasting   | |  2.4

Action                   || total
-------------------------++-------
Melee: Unarmed           ||     1
 Cast: Freeze            ||    18
  Use: Scroll            ||     1
Armor: Robe              ||     2
       Leather armour    ||     2
Dodge: Dodged            ||    20

Table legend: (Time is in decaauts)
 A = Elapsed time spent in this place.
 B = Non-inter-level travel time spent in this place.
 C = Inter-level travel time spent in this place.
 D = Time resting spent in this place.
 E = Time spent auto-exploring this place.
 F = Levels seen in this place.
 G = Mean time per level.
                   A        B        C        D        E       F      G
               +--------+--------+--------+--------+--------+-----+--------+
         Total |    372 |    372 |      0 |      0 |    245 |   1 |  372.0 |
       Dungeon |    372 |    372 |      0 |      0 |    245 |   1 |  372.0 |
               +--------+--------+--------+--------+--------+-----+--------+

Top non-repeatable levels by time:
     D:1: 372 daAuts
